 Dungeon Crawl Stone Soup version 0.28.0-53-g5a82cb258f (webtiles) character file.

Game seed: 13527920555557027246

2109 Jerry the Sneak (level 9, 0/47 HPs)
             Began as a Vine Stalker Fighter on July 30, 2022.
             Was a Believer of Uskayaw.
             Slain by an orc warrior
             ... wielding a +0 glaive
              (8 damage)
             ... on level 6 of the Dungeon.
             The game lasted 00:19:48 (5530 turns).

Jerry the Sneak (Vine Stalker Fighter)              Turns: 5530, Time: 00:19:48

Health: 0/47       AC:  9    Str: 21    XL:     9   Next: 28%
Magic:  0/10       EV:  9    Int:  8    God:    Uskayaw [**....]
Gold:   570        SH:  6    Dex: 20    Spells: 8/8 levels left

rFire   + . .      SeeInvis .   m - +3 dagger
rCold   . . .      Faith    .   c - +0 buckler
rNeg    + . .      Spirit   +   b - +0 scale mail
rPois   .          Reflect  .   C - +0 helmet of Evoal {rF+ rN+ Dex+4}
rElec   .          Harm     .   (no cloak)
rCorr   .          Rampage  .   (no gloves)
Will    ++...                   L - +0 pair of boots
Stlth   ++........              h - amulet of magic regeneration
HPRegen 0.95/turn               B - ring of willpower
MPRegen 0.52/turn               (no ring)

@: lethally poisoned (0 -> -1)
A: fangs 3, regeneration 1, magic shield, antimagic bite, no potion heal 2
a: Renounce Religion, Stomp, Line Pass


You were on level 6 of the Dungeon.
You worshipped Uskayaw.
Uskayaw was noncommittal.
You visited 1 branch of the dungeon, and saw 6 of its levels.
You also visited: Sewer and Ossuary.

You collected 570 gold pieces.

Inventory:

Hand Weapons
 a - a +0 rapier
 m - a +3 dagger (weapon)
 t - the +6 hunting sling of the Exiled Defenders {venom, Fly rN+ Str-3}
   (You found it on level 3 of the Dungeon)

   Any ammunition fired from it poisons the flesh of those it strikes.
   Str:       It affects your strength (-3).
   rN:        It protects you from negative energy.
   Fly:       It grants you flight.
Missiles
 o - 26 poisoned darts (quivered)
 x - 96 stones
Armour
 b - a +0 scale mail (worn)
 c - a +0 buckler (worn)
 C - the +0 helmet of Evoal (worn) {rF+ rN+ Dex+4}
   (You found it on level 4 of the Dungeon)

   Dex:       It affects your dexterity (+4).
   rF:        It protects you from fire.
   rN:        It protects you from negative energy.
 L - a +0 pair of boots (worn)
Jewellery
 h - an amulet of magic regeneration (around neck)
 z - a ring of ice
 B - a ring of willpower (left hand)
Wands
 F - a wand of flame (12)
 K - a wand of iceblast (7)
Scrolls
 d - 2 scrolls of silence {unknown}
 f - 6 scrolls of identify {unknown}
 g - 2 scrolls of magic mapping {unknown}
 j - 7 scrolls of teleportation {unknown}
 k - 2 scrolls of vulnerability {unknown}
 n - a scroll of fear {unknown}
 q - 2 scrolls of fog {unknown}
 v - a scroll of blinking {unknown}
 w - 2 scrolls of enchant armour {unknown}
 y - a scroll of summoning {unknown}
 A - a scroll of amnesia {unknown}
 D - a scroll of torment {unknown}
 I - a scroll of immolation {unknown}
 J - a scroll of enchant weapon {unknown}
Potions
 e - a potion of degeneration {unknown}
 i - a potion of attraction {unknown}
 l - a potion of brilliance {unknown}
 p - a potion of invisibility {unknown}
 r - a potion of magic {unknown}
 s - 2 potions of mutation {unknown}
 u - a potion of berserk rage {unknown}
 E - 3 potions of haste {unknown}
 G - a potion of curing {unknown}
 H - a potion of might
 M - a potion of heal wounds {unknown}


   Skills:
 + Level 5.6 Fighting
 + Level 5.2 Short Blades
 + Level 5.2 Armour
 + Level 6.9 Stealth
 - Level 5.0 Shields
 + Level 1.0 Invocations


You had 8 spell levels left.
You didn't know any spells.
Your spell library contained the following spells:

 Spells                   Type           Power      Damage    Failure   Level
 Animate Skeleton         Necr           0%         N/A       82%         1
 Apportation              Tloc           0%         N/A       82%         1
 Summon Small Mammal      Summ           0%         N/A       82%         1


Dungeon Overview and Level Annotations

Branches:
Dungeon (6/15)             Temple (0/1) D:6           Sewer (visited)
Ossuary (visited)

Altars:
Cheibriados
Gozag
Hepliaklqana
Uskayaw

Shops:
D:3 !


Innate Abilities, Weirdness & Mutations

You have razor-sharp teeth.
Your natural rate of healing is unusually fast.
When hurt, damage is shared between your health and your magic reserves.
Your bite disrupts and absorbs the magic of your enemies.
Potions cannot restore your health.


Message History

The orc wizard is almost dead.
You block the orc warrior's attack. The orc hits you but does no damage.
You are poisoned.
The orc wizard misses you.
You hit the orc wizard.
You kill the orc wizard!
You feel sick.
The orc warrior hits you from afar with a +0 glaive!
The orc hits you but does no damage.
You are more poisoned.
Your Invocations skill increases to level 1!
You hit the orc.
The orc is moderately wounded.
You feel sick.
You hit the orc.
The orc is severely wounded.
You feel sick.
The orc warrior hits you from afar with a +0 glaive!
You can now pass through a line of other dancers.
You are too injured to fight recklessly!
You are too injured to fight recklessly!
You hit the orc.
You kill the orc!
You feel sick. You block the orc warrior's attack.
The orc hits you with a +0 short sword.
You hit the orc.
The orc is severely wounded.
You feel sick. The orc warrior closely misses you. The orc misses you.
You hit the orc.
You kill the orc!
You feel sick.
You feel sick. The orc warrior barely misses you.
You see here a +0 short sword.
You hit the orc warrior but do no damage.
Your bite misses the orc warrior.
The orc warrior hits you with a +0 glaive!
* * * LOW HITPOINT WARNING * * *
You feel sick.
The orc warrior hits you from afar with a +0 glaive!
You die...

#######...
##........
#........####...
## #...##.<......#
#?##.......##..##?
#.#.........# #
#...#....#.#
##....?......
#@.....?##.##
#)###.#.# #..
#o......# ..
#.###.#.# ..#
#..... ### .. ##.


You could see an orc warrior.

Vanquished Creatures
  Grinder (D:3)
  2 wraiths (Ossuary)
  Menkaure (D:4)
  A black bear (D:4)
  2 ice beasts (D:5)
  A necrophage (D:5)
  A centaur (D:5)
  2 kobold brigands (Sewer)
  A water moccasin zombie (D:4)
  2 scorpions
  2 wights (Ossuary)
  A bullfrog zombie (D:5)
  A centaur zombie (D:5)
  3 hounds
  Jessica (D:2)
  An iguana (D:5)
  3 orc wizards
  A mummy (D:4)
  12 gnolls
  4 river rats
  8 adders
  2 ufetubi
  An adder zombie (Ossuary)
  6 worms
  3 dart slugs
  7 orcs
  8 ball pythons
  6 endoplasms
  4 giant cockroaches
  6 goblins
  11 hobgoblins
  10 jackals
  4 bats
  3 frilled lizards
  2 hobgoblin skeletons (Ossuary)
  3 hobgoblin zombies (Ossuary)
  12 kobolds
  2 kobold zombies (Ossuary)
  An orc skeleton (Ossuary)
  An orc zombie (Ossuary)
  A quokka skeleton (D:4)
  12 rats
156 creatures vanquished.

Vanquished Creatures (others)
  A fungus (D:1)
  13 plants
14 creatures vanquished.

Grand Total: 170 creatures vanquished

Notes
Turn   | Place    | Note
-------+----------+-------------------------------------------
     0 | D:1      | Jerry the Vine Stalker Fighter began the quest for the Orb.
     0 | D:1      | Reached XP level 1. HP: 11/11 MP: 2/2
   174 | D:1      | Reached XP level 2. HP: 16/16 MP: 3/3
   339 | D:1      | Reached skill level 1 in Stealth
   446 | D:1      | Reached XP level 3. HP: 12/19 MP: 4/4
  1124 | D:1      | Found a faded altar of an unknown god.
  1254 | D:2      | Reached skill level 2 in Stealth
  1254 | D:2      | Gained mutation: Your natural rate of healing is unusually
                  | fast. [Vine Stalker growth]
  1254 | D:2      | Reached XP level 4. HP: 21/24 MP: 3/5
  1323 | D:3      | Noticed Grinder
  1332 | D:3      | Killed Grinder
  1333 | D:3      | Reached skill level 3 in Stealth
  1333 | D:3      | Reached XP level 5. HP: 16/28 MP: 3/6
  1333 | D:3      | Reached XP level 6. HP: 19/32 MP: 3/7
  1361 | D:3      | Found a hazy altar of Hepliaklqana.
  1362 | D:3      | Found a hide-covered altar of Uskayaw.
  1366 | D:3      | Became a worshipper of Uskayaw the Reveller
  1422 | D:3      | Reached * piety under Uskayaw
  1424 | D:3      | Reached ** piety under Uskayaw
  1434 | D:3      | Reached *** piety under Uskayaw
  1437 | D:3      | Reached **** piety under Uskayaw
  1469 | D:3      | Found a glowing drain.
  1476 | Sewer    | Entered a sewer
  1875 | Sewer    | Reached XP level 7. HP: 35/37 MP: 8/8
  1955 | Sewer    | Reached skill level 4 in Stealth
  2405 | D:3      | Identified the +6 hunting sling of the Exiled Defenders
                  | {venom, Fly rN+ Str-3}
  2414 | D:3      | Found Ickenagg's Distillery.
  3158 | D:2      | Noticed Jessica
  3167 | D:2      | Killed Jessica
  3464 | D:2      | You fall into a shaft and drop 1 floor!
  3760 | D:4      | Noticed Menkaure
  3773 | D:4      | Killed Menkaure
  4158 | D:4      | Found an opulent altar of Gozag.
  4201 | D:4      | Found a snail-covered altar of Cheibriados.
  4301 | D:4      | Gained mutation: You have razor-sharp teeth. [Vine Stalker
                  | growth]
  4301 | D:4      | Reached XP level 8. HP: 39/42 MP: 9/9
  4387 | D:4      | Reached skill level 5 in Stealth
  4394 | D:4      | Identified the +0 helmet of Evoal {rF+ rN+ Dex+4}
  4712 | D:5      | Entered Level 5 of the Dungeon
  4785 | D:5      | Reached skill level 5 in Fighting
  4795 | D:5      | Found a sand-covered staircase.
  4825 | D:5      | Reached skill level 5 in Shields
  4849 | Ossuary  | Entered an ossuary
  4890 | Ossuary  | Reached skill level 6 in Stealth
  4944 | Ossuary  | Noticed a wraith
  4944 | Ossuary  | Noticed a flying skull
  4957 | Ossuary  | Noticed a flying skull
  4957 | Ossuary  | Noticed a flying skull
  4957 | Ossuary  | Noticed a flying skull
  4986 | Ossuary  | Noticed a wraith
  4998 | Ossuary  | Killed a wraith
  5021 | Ossuary  | Reached XP level 9. HP: 47/47 MP: 10/10
  5076 | Ossuary  | Reached skill level 5 in Short Blades
  5076 | Ossuary  | Reached skill level 5 in Armour
  5512 | D:6      | Found a staircase to the Ecumenical Temple.
  5523 | D:6      | Reached skill level 1 in Invocations
  5530 | D:6      | Slain by an orc warrior

Illustrated notes

Levels and vault maps discovered:
D:1:      lightli_arrival_windingriver, layout_basic,
          shapermc_ecumenical_altar_petra, minivault_27
D:2:      layout_rooms, minmay_domino_2, uniq_jessica
D:3:      layout_basic, gammafunk_temple_overflow_statue,
          lightli_sewer_entry_pipes, serial_shops,
          nicolae_shop_competitors_out_of_business, uniq_grinder
D:4:      minmay_polygon_palace, layout_loops_ring, lemuel_round_altar,
          slow_altar_2, uniq_menkaure
D:5:      layout_basic, enter_ossuary_1
D:6:      layout_loops_cross, minmay_temple_entry_grid, serial_shops,
          kennysheep_mini, dk_noncrumbling_3

Skill      XL: |  1  2  3  4  5  6  7  8  9 |
---------------+----------------------------+-----
Short Blades   | 2 3 4 5 |  5.2
Stealth        | 1 2 3 4 6 |  6.9
Fighting       | 3 4 5 |  5.6
Shields        | 3 4 5 |  5.0
Armour         | 3 4 5 |  5.2
Invocations    | 1 |  1.0

Action                   |  1- 3 |  4- 6 |  7- 9 || total
-------------------------+-------+-------+-------++-------
Melee: Rapier            |    92 |    22 |       ||   114
       Bite              |    24 |    41 |   124 ||   189
       Dagger            |       |   132 |   345 ||   477
 Fire: Hunting sling     |       |       |     8 ||     8
  Use: Potion            |       |     1 |     1 ||     2
 Stab: Paralysed         |       |     1 |     8 ||     9
       Sleeping          |       |       |    13 ||    13
Armor: Scale mail        |    33 |    54 |   115 ||   202
Dodge: Dodged            |    49 |    71 |   106 ||   226
Block: Buckler           |    21 |    35 |    83 ||   139
